 Dungeon Crawl Stone Soup version 0.19.1-1-g22dce08 (webtiles) character file.

2520 Peloso the Slasher (level 9, -2/75 HPs)
             Began as a Ghoul Fighter on Jan 1, 2017.
             Was a Believer of Okawaru.
             Slain by an orc warrior
             ... wielding a +0 war axe
              (19 damage)
             ... in a bailey.
             The game lasted 00:26:33 (8915 turns).

Peloso the Slasher (Ghoul Fighter)                  Turns: 8915, Time: 00:26:33

Health: -2/75      AC: 13    Str: 20    XL:     9   Next: 54%
Magic:  17/17      EV:  7    Int:  3    God:    Okawaru [**....]
Gold:   343        SH: 12    Dex: 11    Spells: 0 memorised, 8 levels left

rFire  . . .     SeeInvis +     a - +0 long sword
rCold  + . .     Gourm    .     q - +0 chain mail
rNeg   + + +     Faith    .     c - +0 shield
rPois  ∞         Spirit   .     d - +1 hat
rElec  .         Reflect  +     (no cloak)
rCorr  .         Harm     .     (no gloves)
MR     .....                    j - +1 pair of boots
Stlth  ..........               g - +2 amulet of reflection
                                b - ring of magical power
                                s - ring of see invisible

@: rotting
A: rotting body, claws 1, carnivore 3, cold resistance 1, negative energy
resistance 3, slow regeneration 1, torment resistance, unbreathing
a: Heroism, Renounce Religion


You were in a bailey.
You worshipped Okawaru.
Okawaru was pleased with you.
You were not hungry.

You visited 2 branches of the dungeon, and saw 8 of its levels.
You also visited: Sewer, Ossuary and Bailey.

You collected 343 gold pieces.

Inventory:

Hand Weapons
 a - a +0 long sword (weapon)
Armour
 c - a +0 shield (worn)
 d - a +1 hat (worn)
 j - a +1 pair of boots (worn)
 q - a +0 chain mail (worn)
Jewellery
 b - a ring of magical power (right claw)
 g - a +2 amulet of reflection (around neck)
 s - a ring of see invisible (left claw)
 v - an uncursed ring of resist corrosion
Wands
 A - a wand of lightning (3/15)
 C - a wand of teleportation (4/9)
 F - a wand of flame (22/48)
 G - a wand of confusion (39/48)
 J - a wand of paralysis (11/24)
Scrolls
 e - 2 scrolls of enchant armour
 l - a scroll of blinking
 p - 6 scrolls of teleportation
 r - 2 scrolls of identify
 u - 3 scrolls of remove curse
 w - a scroll of random uselessness {unknown}
 z - 3 scrolls of enchant weapon {unknown}
 H - 2 scrolls of fog
Potions
 k - a potion of resistance
 n - a potion of lignification
 o - a potion of ambrosia
 t - 2 potions of flight
 B - 2 potions of magic
 D - a potion of haste
 I - a potion of cancellation
Books
 y - a book of Spatial Translocations

   Spells                             Type                      Level
   a - Blink                          Translocation                2
   b - Shroud of Golubria             Charms/Translocation         2
   c - Lesser Beckoning               Translocation                3
   d - Portal Projectile              Translocation                3
   e - Teleport Other                 Translocation                3
   f - Passage of Golubria            Translocation                4
Comestibles
 f - 3 meat rations
 i - 3 chunks of flesh
 m - 4 beef jerkies
 E - a slice of pizza


   Skills:
 + Level 6.0 Fighting
 + Level 7.0 Long Blades
 + Level 5.7 Armour
 + Level 2.3 Dodging
 + Level 1.3 Stealth
 + Level 6.3 Shields
 + Level 0.2 Invocations
 + Level 0.1 Evocations


You had 8 spell levels left.
You didn't know any spells.

Dungeon Overview and Level Annotations

Branches:
Dungeon (7/15)             Temple (1/1) D:4

Altars:
Ashenzari
Cheibriados
Dithmenos
Elyvilon
Fedhas
Gozag
Kikubaaqudgha
Makhleb
Nemelex Xobeh
Okawaru
Qazlal
Ru
Sif Muna
Trog
Uskayaw
Vehumet
Xom
Yredelemnul
The Shining One

Shops:
D:5 [

Annotations:
D:7 cuckmaster's ghost, novice TrMo


Innate Abilities, Weirdness & Mutations

Your body is rotting away.
You thrive on raw meat.
You are immune to poison.
You have sharp fingernails.
You are carnivorous and can eat meat at any time.
Your flesh is cold resistant. (rC+)
You are immune to negative energy. (rN+++)
You regenerate slowly when monsters are visible.
You are immune to unholy pain and torment.
You can survive without breathing.


Message History

Your shield and chain mail prevent you from hitting the gnoll.
Unknown command.
You slash the orc warrior!
You kill the orc warrior!
Okawaru accepts your kill.
Your Fighting skill increases to level 6!
Your Long Blades skill increases to level 7!
You block the orc warrior's attack. The gnoll completely misses you.
Things that are here:
a war axe; a ring mail You hit the gnoll but do no damage.
The gnoll hits you with a hand axe.
* * * LOW HITPOINT WARNING * * *
You hit the gnoll.
The gnoll is moderately wounded.
You block the gnoll's attack. You block the orc warrior's attack.
You hit the orc warrior.
The orc warrior is lightly wounded.
The gnoll hits you but does no damage.
The orc warrior hits you with a war axe!!
You die...

≈≈≈≈≈# #≈≈≈≈≈#
###≈≈≈≈≈# #.≈≈≈≈≈≈#
#.≈≈≈≈≈.###### #+
#.≈≈≈≈≈......#
...#.≈≈≈≈≈......###
...'..............#
⌠..'..........∩g@∩#
...'..........)o..#
...#.≈≈≈≈≈.....)###
#++#.≈≈≈≈≈......#
#.≈≈≈≈≈.######
#.≈≈≈≈≈≈# ###≈≈≈≈≈#
#≈≈≈≈≈# #≈≈≈≈≈#


You could see an orc warrior and a gnoll.

Vanquished Creatures
  The ghost of Faustar the Slasher, a novice FoAK of Lugonu (D:4)
  2 wraiths (Ossuary)
  2 orc warriors
  An ice beast (D:6)
  A phantom (D:3)
  2 ogres
  2 centaurs
  A big kobold (D:7)
  2 bullfrogs
  2 scorpions
  3 wights (Ossuary)
  3 crimson imps
  A gnoll shaman (D:4)
  2 orc priests
  A jelly (D:7)
  An iguana (D:3)
  3 orc wizards
  3 worker ants
  2 hound skeletons
  A worker ant zombie (D:5)
  9 gnolls (D:3)
  6 adders
  An ooze (D:4)
  3 adder skeletons
  2 worms (D:3)
  2 dart slugs (D:1)
  6 leopard geckos
  16 orcs
  6 giant cockroaches
  9 goblins
  7 hobgoblins
  21 jackals
  2 quokkas
  2 ball pythons (Sewer)
  2 ball python skeletons (Ossuary)
  10 bats
  10 frilled lizards
  A hobgoblin skeleton (Ossuary)
  A hobgoblin zombie (Ossuary)
  13 kobolds
  2 kobold zombies (Ossuary)
  2 orc skeletons (Ossuary)
  An orc zombie (Ossuary)
  6 rats
  A plant (Sewer)
177 creatures vanquished.

Vanquished Creatures (others)
  A centaur (D:7)
1 creature vanquished.

Grand Total: 178 creatures vanquished

Notes
Turn   | Place    | Note
-------+----------+-------------------------------------------
     0 | D:1      | Peloso the Ghoul Fighter began the quest for the Orb.
     0 | D:1      | Reached XP level 1. HP: 19/19 MP: 0/0
    38 | D:1      | Reached XP level 2. HP: 26/26 MP: 1/1
   222 | D:1      | Reached skill level 2 in Long Blades
   337 | D:1      | Reached XP level 3. HP: 33/33 MP: 2/2
  1243 | D:3      | HP: 1/32 [frilled lizard (2)]
  1253 | D:3      | Reached XP level 4. HP: 9/40 MP: 3/3
  1338 | D:3      | Reached XP level 5. HP: 46/46 MP: 4/4
  1408 | D:3      | Reached skill level 3 in Long Blades
  1459 | D:3      | Found a glowing drain.
  1479 | Sewer    | Entered a sewer
  1566 | Sewer    | Reached XP level 6. HP: 45/52 MP: 5/5
  1827 | Sewer    | Reached skill level 1 in Dodging
  2994 | D:4      | Found a staircase to the Ecumenical Temple.
  3031 | Temple   | Entered the Ecumenical Temple
  3492 | D:3      | HP: 2/53 [gnoll/halberd (5)]
  4068 | D:4      | Noticed Faustar's ghost (novice FoAK)
  4243 | D:4      | Noticed a phantom
  4315 | D:3      | Reached XP level 7. HP: 29/60 MP: 6/6
  4761 | D:3      | Reached skill level 4 in Long Blades
  5268 | D:5      | Entered Level 5 of the Dungeon
  5286 | D:5      | Found an opulent altar of Gozag.
  5286 | D:5      | Found a sacrificial altar of Ru.
  5287 | D:5      | Found an iron altar of Okawaru.
  5300 | D:5      | Found a blossoming altar of Fedhas.
  5351 | D:5      | Became a worshipper of Warmaster Okawaru
  5832 | D:5      | Found Gival's Antique Armour Shop.
  5947 | D:5      | Reached skill level 1 in Stealth
  5991 | D:5      | Reached XP level 8. HP: 49/67 MP: 7/7
  6080 | D:6      | Reached * piety under Okawaru
  6114 | D:6      | Reached skill level 5 in Shields
  6145 | D:6      | Found a sand-covered staircase.
  6158 | Ossuary  | Entered an ossuary
  6208 | Ossuary  | Reached skill level 5 in Fighting
  6292 | Ossuary  | Noticed a wraith
  6292 | Ossuary  | Noticed a flying skull
  6300 | Ossuary  | Noticed a flying skull
  6326 | Ossuary  | Noticed a flying skull
  6355 | Ossuary  | Noticed a flying skull
  6379 | Ossuary  | Noticed a wraith
  6415 | Ossuary  | Killed a wraith
  6415 | Ossuary  | Reached skill level 5 in Long Blades
  6807 | Ossuary  | Noticed a wraith
  6826 | Ossuary  | Killed a wraith
  6826 | Ossuary  | Reached skill level 5 in Armour
  7270 | D:6      | Found a bloodstained altar of Trog.
  7280 | D:6      | Found a shadowy altar of Dithmenos.
  7294 | D:6      | Found a white marble altar of Elyvilon.
  7631 | D:6      | Reached skill level 6 in Long Blades
  7631 | D:6      | Reached XP level 9. HP: 74/74 MP: 5/8
  7735 | D:6      | Reached ** piety under Okawaru
  7966 | D:6      | Found a stormy altar of Qazlal.
  8164 | D:4      | Found a basalt altar of Yredelemnul.
  8446 | D:4      | Killed Faustar's ghost
  8772 | D:7      | Noticed cuckmaster's ghost (novice TrMo)
  8830 | D:7      | Found a flagged portal.
  8852 | Bailey   | Entered a bailey
  8911 | Bailey   | Reached skill level 7 in Long Blades
  8915 | Bailey   | Slain by an orc warrior

Skill      XL: |  1  2  3  4  5  6  7  8  9 |
---------------+----------------------------+-----
Long Blades    | 2 3 4 6 7 |  7.0
Shields        | 3 4 5 6 |  6.3
Armour         | 3 4 5 |  5.7
Fighting       | 4 5 6 |  6.0
Dodging        | 1 2 |  2.3
Stealth        | 1 |  1.3
Invocations    | |  0.2
Evocations     | |  0.1

Action                   |  1- 3 |  4- 6 |  7- 9 || total
-------------------------+-------+-------+-------++-------
Melee: Long sword        |   104 |   381 |   487 ||   972
Invok: Heroism           |       |       |     4 ||     4
Evoke: Wand              |       |       |     2 ||     2
  Use: Potion            |     2 |    10 |     2 ||    14
       Scroll            |       |    10 |     8 ||    18
  Eat: Chunk             |       |    25 |    19 ||    44
Armor: Scale mail        |    41 |       |       ||    41
       Chain mail        |    33 |   247 |   219 ||   499
Dodge: Dodged            |    36 |   112 |    99 ||   247
Block: Shield            |    88 |   312 |   314 ||   714
       Reflection        |     2 |     1 |    10 ||    13
       Rpst.: Long sword |    12 |    34 |    32 ||    78
